 Dungeon Crawl Stone Soup version 0.31-a0-875-g02e7d12df6 (webtiles) character file.

Game seed: 15681452322612845888

49 Aneyh the Trooper (level 3, -1/24 HPs)
             Began as a Tengu Monk on Oct 12, 2023.
             Slain by a kobold
             ... wielding a +2 dagger of venom
              (4 damage)
             ... on level 2 of the Dungeon.
             The game lasted 00:01:26 (987 turns).

Aneyh the Trooper (Tengu Monk)                       Turns: 987, Time: 00:01:27

Health: -1/24      AC:  2    Str: 13    XL:     3   Next: 77%
Magic:  4/4        EV: 13    Int: 19    God:
Gold:   119        SH:  0    Dex: 16    Spells: 2/2 levels left

rFire   . . .        b - +7 dagger "Xioleops" {flame, Int+9}
rCold   . . .        (no shield)
rNeg    . . .        l - +0 robe
rPois   .            (helmet restricted)
rElec   .            (no cloak)
rCorr   .            (no gloves)
SInv    .            (boots unavailable)
Will    .....        (no amulet)
Stlth   +            (no ring)
HPRegen 0.24/turn    (no ring)
MPRegen 0.09/turn

%: acrobat
@: confused, lethally poisoned (-1 -> -19), ambrosia-drunk
A: beak, talons 3, acrobatic
a: no special abilities


You were on level 2 of the Dungeon.
You visited 1 branch of the dungeon, and saw 2 of its levels.

You collected 119 gold pieces.

Inventory:

Hand Weapons
 a - a +0 spear
 b - the +7 dagger "Xioleops" (weapon) {flame, Int+9}
   (You found it on level 2 of the Dungeon)

   Int+9:     It affects your intelligence (+9).
Missiles
 m - 3 boomerangs
Armour
 d - an orb of light
 l - a +0 robe (worn)
Scrolls
 e - a scroll of noise {unknown}
 f - 2 scrolls of identify {unknown}
 j - 2 scrolls of teleportation {unknown}
Potions
 g - a potion of curing {unknown}
 h - a potion of mutation {unknown}
 i - a potion of haste {unknown}
 k - a potion of heal wounds {unknown}


   Skills:
 * Level 4.1 Fighting
 - Level 4.0 Polearms
 - Level 3.2 Dodging


You had 2 spell levels left.
You didn't know any spells.
Your spell library contained the following spells:

 Spells                   Type           Power      Damage    Failure   Level
 Kiss of Death            Conj/Necr      0%         2d5       21%         1
 Dazzling Flash           Conj/Hex       0%         N/A       52%         3
 Iskenderun's Battlesphe  Conj           0%         2d6       99%         5


Dungeon Overview and Level Annotations

Branches:
Dungeon (2/15)

Altars:


Innate Abilities, Weirdness & Mutations

You have a beak for a mouth.
You have claws for feet.
You can magically evade attacks while moving or waiting.


Message History

You see here a ball python corpse.
A goblin comes into view. It is wielding a +0 dagger.
A goblin is nearby!
You hit the goblin. Your kick misses the goblin. You peck the goblin.
You kill the goblin!
No target in view!
Things that are here:
a +0 dagger; a goblin corpse
Found a stone staircase leading down.
No target in view!
There is a stone staircase leading down here.
A kobold comes into view. It is wielding a +2 dagger of venom.
Found a whip.
You see here 5 poisoned darts.
A kobold is nearby!
You reach to attack!
You barely miss the kobold. You hit the kobold but do no damage.
The kobold hits you with a +2 dagger of venom.
You are poisoned.
You barely miss the kobold. Your peck misses the kobold.
You feel sick.
The kobold hits you with a +2 dagger of venom.
You are lethally poisoned!
You closely miss the kobold.
You feel very sick. The kobold misses you.
You closely miss the kobold.
You feel very sick.
You feel clever.
The +7 dagger "Xioleops" {flame, Int+9} bursts into flame!
b - the +7 dagger "Xioleops" (weapon)
{flame, Int+9} You feel sick.
The kobold hits you with a +2 dagger of venom.
* * * LOW HITPOINT WARNING * * *
You are more poisoned.
You are confused.
You feel invigorated.
* * * LOW HITPOINT WARNING * * *
You feel very sick.
The kobold hits you with a +2 dagger of venom.
You die...

##..#.##.##..######.....
##....#.##.#>..........
###.......#.......#...
##.....###.......##..
#......# #.......##..
#.#...## #........#..
#.....# #######..#..
#.....# ###..... #...@K#
# #......#
#...#...........##..##
#..####....#...# #..##
#..# ..........#.).. #.#
.....# #....## #. ....#
##...## # ).## ##....
..# #####


You could see a kobold.

Vanquished Creatures
  An adder (D:2)
  3 dart slugs (D:1)
  An orc (D:2)
  6 endoplasms
  6 goblins
  A hobgoblin (D:2)
  3 kobolds (D:2)
  A quokka (D:1)
  3 ball pythons
  2 bats
  4 frilled lizards
  A rat (D:1)
32 creatures vanquished.

Notes
Turn   | Place    | Note
-------+----------+-------------------------------------------
     0 | D:1      | Aneyh the Tengu Monk began the quest for the Orb.
     0 | D:1      | Reached XP level 1. HP: 14/14 MP: 2/2
    79 | D:1      | Reached XP level 2. HP: 17/19 MP: 3/3
   366 | D:1      | Got a well-preserved book
   606 | D:1      | Reached XP level 3. HP: 24/24 MP: 4/4
   814 | D:2      | Identified the +7 dagger "Xioleops" {flame, Int+9}
   987 | D:2      | Slain by a kobold

Illustrated notes

Levels and vault maps discovered:
D:1:      dpeg_arrival_shelter, layout_basic, kennysheep_nondescript,
          feat_on_display
D:2:      layout_rooms

Skill      XL: |  1  2  3 |
---------------+----------+-----
Fighting       | 4 |  4.1
Polearms       | 4 |  4.0
Dodging        | |  3.2

Action                     || total
---------------------------++-------
  Melee: Spear             ||    70
         Kick              ||    13
         Peck              ||    12
         Punch             ||     1
         Dagger            ||     5
    Use: Potion            ||     1
   Stab: Sleeping          ||     2
 Armour: Robe              ||    19
  Dodge: Dodged            ||    25

Table legend: (Time is in decaauts)
 A = Elapsed time spent in this place.
 B = Non-inter-level travel time spent in this place.
 C = Inter-level travel time spent in this place.
 D = Time resting spent in this place.
 E = Time spent auto-exploring this place.
 F = Levels seen in this place.
 G = Mean time per level.
                   A        B        C        D        E       F      G
               +--------+--------+--------+--------+--------+-----+--------+
         Total |    979 |    963 |     16 |      0 |    763 |   2 |  489.5 |
       Dungeon |    979 |    963 |     16 |      0 |    763 |   2 |  489.5 |
               +--------+--------+--------+--------+--------+-----+--------+

Top non-repeatable levels by time:
     D:1: 704 daAuts
     D:2: 275 daAuts
